← All builds
Tech / Armada / Economy first / OBSERVED BUILD

Standard tech

Armada Tech (Eco) build order · Supreme Isthmus

Rushes T2 factory and T2 constructor early, upgrades team mexes, and supplies the team with T2 constructors while transitioning into eco and defensive units.

Usually first T2 con to Geo (82%)

#t2 #eco #team support · 1791 distinct matches · 273 players · 60% of Armada Tech games · team won 54% of 2118 · Recently observed

HOW TO PLAY IT

Key timing: T2 factory by 4:15

  1. Open 3 mex and heavy wind to fund a fast T2 rush.
  2. Put down Bot Lab, planning to eat it for reclaim soon after.
  3. Get Advanced Bot Lab up, hitting the T2 factory rush timing.
  4. Upgrade mex to Advanced Metal Extractor to lock in team metal income.
  5. Eat Advanced Bot Lab and keep sending cons to Geo and Pond.

Phase by phase

TYPICAL OF ITS 1791 GAMES
  1. 1
  2. 2
  3. 3
  4. 4
PLAY THE OPENING

Follow the example game's first 6:00 step by step: what to build now, what comes next, and where it goes. At 1× it keeps pace with your own game.

  1. 1

    Up to the Bot Lab

    Economy
    • Metal Extractor3Mex
    • Wind Turbine4Wind
    Order
    1. Bot LabBot Lab after 3 mex, 4 winddone ~1:18, middle half 1:13–1:32

    Some games also: energy storage (32%)

    By 1:01 in all: 3 mex · 4 wind

    The example game in this phase · 3 steps
    1. Mex ×3
    2. Wind ×3
    3. Bot LabBot Labdone 1:10 · typical 1:18
  2. 2

    Bot Lab to Advanced Bot Lab

    Economy
    • Metal Extractor1Mex
    • Wind Turbine8Wind
    • Energy Storage1Energy storage
    Order
    1. Advanced Bot LabAdvanced Bot Lab after 4 mex, 12 wind, 3 con turretdone ~4:16, middle half 4:04–4:30
    Builders
    • Construction Turret3 Con turret
    • Lazarus3 Lazarus
    • Construction Bot2 Con bot
    • Construction Bot1 Con bot for allies

    Some games also: converter (36%)

    By 3:18 in all: 4 mex · 12 wind · 1 energy storage · 3 con turret

    The example game in this phase · 12 steps
    1. Wind
    2. LazarusLazarus ×3
    3. Construction BotCon bot
    4. Construction BotCon botfor Air
    5. Construction BotCon bot ×2
    6. Con turret
    7. Wind ×2
    8. Mex
    9. Wind ×2
    10. Con turret
    11. Energy storage
    12. Advanced Bot LabAdvanced Bot Labdone 3:46 · typical 4:16
  3. 3

    Advanced Bot Lab to 5:00

    Economy
    • Wind Turbine3Wind
    Order
    1. Bot LabEat Bot Lab
    Builders
    • Advanced Construction Bot1 T2 con bot for allies

    Some games also: converter (35%)

    By 5:00 in all: 4 mex · 15 wind · 1 converter · 1 energy storage · 3 con turret

    The example game in this phase · 3 steps
    1. Bot LabEat Bot Labreclaimed for its metal
    2. Advanced Construction BotT2 con botfor Geo
    3. Advanced Metal ExtractorT2 mex ×2done 4:37 · typical 5:28
  4. 4

    5:00 to 10:00

    Economy
    • Wind Turbine43Wind
    • Energy Converter6Converter
    Builders
    • Butler9 Butler
    • Advanced Construction Bot4 T2 con bot for allies
    • Advanced Construction Bot1 T2 con bot

    Some games also: con turret (42%) · Butler for allies (36%)

    By 10:00 in all: 4 mex · 59 wind · 8 converter · 1 energy storage · 3 con turret

    The example game in this phase · 246 steps
    1. Advanced Construction BotT2 con botfor Air
    2. Advanced Metal ExtractorT2 mex
    3. Advanced Construction BotT2 con botfor Pond
    4. ButlerButler
    5. Advanced Metal ExtractorT2 mex
    6. Wind
    7. Advanced Construction BotT2 con botfor Geo sea
    8. Wind ×8
    9. Advanced Construction BotT2 con botfor Beach sea
    10. Wind ×3
    11. ButlerButler
    12. Wind ×2
    13. ButlerButler
    14. Wind ×3
    15. ButlerButler
    16. Wind
    17. ButlerButler
    18. Wind ×2
    19. ButlerButler
    20. Wind ×2
    21. ButlerButler
    22. Wind ×3
    23. ButlerButler
    24. Wind ×2
    25. ButlerButler
    26. Wind ×3
    27. ButlerButler
    28. Wind ×4
    29. ButlerButler
    30. Wind
    31. Converter
    32. Wind
    33. ButlerButler
    34. Wind ×2
    35. Converter
    36. ButlerButler
    37. Wind ×2
    38. Converter
    39. Wind
    40. ButlerButler
    41. Wind ×4
    42. Converter
    43. ButlerButler
    44. Wind ×3
    45. ButlerButler
    46. Wind
    47. Converter
    48. Wind ×2
    49. ButlerButler
    50. Wind ×3
    51. Converter
    52. Wind ×2
    53. ButlerButler
    54. Wind ×3
    55. Converter
    56. Wind ×5
    57. Converter
    58. Wind ×3
    59. ButlerButler
    60. Wind
    61. Converter
    62. Wind ×6
    63. Converter
    64. ButlerButler
    65. Wind ×4
    66. Converter
    67. Wind
    68. ButlerButler
    69. Wind ×3
    70. Converter
    71. Wind
    72. Converter
    73. ButlerButler
    74. Converter
    75. Wind ×4
    76. Converter ×2
    77. Wind ×2
    78. ButlerButler
    79. Wind ×2
    80. Converter
    81. Wind
    82. Converter
    83. Wind ×3
    84. Converter
    85. ButlerButler
    86. Wind
    87. Converter
    88. Wind ×2
    89. Converter
    90. Wind ×3
    91. Converter
    92. Wind
    93. ButlerButler
    94. Converter
    95. Wind
    96. Converter
    97. Wind ×4
    98. Converter ×3
    99. ButlerButler
    100. Wind ×4
    101. Converter
    102. Wind
    103. Converter ×2
    104. Wind
    105. ButlerButler
    106. Wind ×3
    107. Converter ×2
    108. Wind ×2
    109. Converter
    110. Wind
    111. UmbrellaAnti-nukedone 11:48
    112. Wind ×3
    113. Converter ×3
    114. Wind ×4
    115. Converter
    116. Wind
    117. Converter ×2
    118. Wind ×4
    119. Converter
    120. Wind
    121. Converter ×2
    122. Wind ×5
    123. Converter
    124. Wind ×3
    125. Converter ×2
    126. Wind ×5
    127. Converter
    128. Wind ×2
    129. Converter ×2
    130. Wind ×3
    131. Converter
    132. Wind ×3
    133. Converter
    134. Wind
    135. Converter
    136. Wind ×3
    137. Converter
    138. Wind ×3
    139. Converter
    140. Wind
    141. Converter
    142. Wind ×2
    143. Converter
    144. Wind ×5
    145. Converter ×2
    146. Wind
    147. UmbrellaAnti-nuke
    148. Wind ×4
    149. Converter
    150. Wind ×3
    151. Converter
    152. Wind ×2
    153. Converter
    154. Wind ×2
    155. Converter
    156. Wind ×4
    157. Converter ×2
    158. Wind ×5
    159. Converter
    160. Wind ×3
    161. Converter
    162. Wind ×4
    163. Converter
    164. Wind ×4
    165. Converter
    166. Wind ×2
    167. Converter
    168. Wind ×5
    169. Converter
    170. Wind
    171. Converter
    172. Wind ×5
    173. Converter
    174. Wind ×5
    175. Converter ×2
    176. Wind ×2
    177. Converter
    178. Wind ×6
    179. Converter
    180. Wind ×3
    181. Converter
    182. Wind ×3
    183. Converter
    184. Wind ×3
    185. Converter
    186. Wind ×2
    187. Converter
    188. Wind ×4
    189. Advanced Construction BotT2 con bot
    190. Wind
    191. Converter
    192. Wind
    193. Converter
    194. Wind ×5
    195. Converter ×2
    196. Wind ×2
    197. Converter
    198. Wind
    199. Converter
    200. Wind ×3
    201. Converter
    202. Wind ×3
    203. Fusion ReactorFusiondone 13:30
    204. Converter ×2
    205. Wind ×4
    206. Converter
    207. Wind ×2
    208. Converter
    209. Wind
    210. Advanced Bot LabEat Advanced Bot Labreclaimed for its metal
    211. Converter
    212. Wind ×4
    213. Converter ×2
    214. Wind ×3
    215. Advanced Fusion ReactorAdvanced Fusion Reactornot finished by 15:00
    216. Converter
    217. Wind
    218. Converter
    219. Wind ×2
    220. Converter
    221. Wind ×3
    222. Converter ×2
    223. Wind ×3
    224. Converter
    225. Wind ×2
    226. Converter
    227. Wind ×2
    228. Converter
    229. Wind ×3
    230. Converter ×2
    231. Wind ×3
    232. Converter
    233. Wind ×2
    234. Converter
    235. Wind
    236. Converter
    237. Wind ×4
    238. Converter ×2
    239. Wind ×3
    240. Converter
    241. Wind ×2
    242. Converter
    243. Wind ×2
    244. Converter
    245. Wind ×3
    246. Converter

Counts are medians over the build's games: half of them build more, half fewer. The example game is DonGarillo's (32 OS, 16/10/2026); pick another.

Team trades

IN AT LEAST 30% OF ITS GAMES

You hand over

  • Construction Bot1 Con bot to Airfirst at 2:23 · in 83% of games
  • Advanced Construction Bot5 T2 con bot to Air or Geo sea or Pondfirst at 4:51 · in 99% of games
  • Butler2 Butler to Geo sea or Beach sea or Pondfirst at 9:06 · in 42% of games

You get

  • Hercules1 Light transport from Airfirst at 4:01 · in 86% of games

How it plays out

Typical game of this build, running totals by minute

Metal produced

020k40k
0:005:0010:0015:00

metal

Enemy metal destroyed

050100
0:005:0010:0015:00

metal

Own metal lost

050100150
0:005:0010:0015:00

metal

2118 games.

Show as table
ByMetal produced: This buildEnemy metal destroyed: This buildOwn metal lost: This build
1:0038300
2:0091500
3:00165600
4:00314900
5:00484700
6:00580700
7:00724800
8:00908800
9:001121700
10:001354500
11:001626000
12:001968100
13:002346900
14:0027368074
15:003159092130
WHAT THE NUMBERS SAY

Standard Tech play barely fights at all early, instead pouring metal into T2 infrastructure and constructors for the team.

  • + Metal produced hits 31679 by 15:00, by far the highest of any role here.
  • + T2 factory reached in 97% of games by 4:15, fastest and most reliable T2 timing.
  • − Enemy metal destroyed stays at 0 through 10:00, no early offense at all.
  • − Own metal lost also near 0, showing total avoidance of combat risk.
THE EXAMPLE YOU ARE READING

DonGarillo

31.8 OS · 16/10/2026

Open source match ↗

2 received units
1054 metal received · 100211 energy received

Allied construction assistance is unknown. Timings are observations, not a promise of solo reproducibility.

Typical milestones

Bot Lab1:18Middle 50%: 1:13–1:32 · n=2118
Advanced Bot Lab4:16Middle 50%: 4:04–4:30 · n=2111
Advanced Metal Extractor5:28Middle 50%: 5:05–5:58 · n=2114

Played most by

Amrissa97games of this buildTheGeneraI70games of this buildAdeus62games of this buildUncle_Cane60games of this buildCrouxy54games of this build